 Dungeon Crawl Stone Soup version 0.28-b1-70-g80dc712255 (webtiles) character file.

Game seed: 17414620216374178205

56 Sharkman1231 the Skirmisher (level 3, 0/30 HPs)
             Began as a Demonspawn Berserker on Feb 4, 2022.
             Was a Believer of Trog.
             Slain by an adder (3 damage)
             ... on level 2 of the Dungeon.
             The game lasted 00:02:17 (1972 turns).

Sharkman1231 the Skirmisher (Demonspawn Berserker)  Turns: 1972, Time: 00:02:18

Health: 0/30       AC:  2    Str: 17    XL:     3   Next: 71%
Magic:  3/3        EV: 12    Int:  8    God:    Trog [**....]
Gold:   32         SH:  4    Dex: 14    Spells: 2/2 levels left

rFire   . . .      SeeInvis .   a - +0 mace
rCold   . . .      Faith    .   (no shield)
rNeg    . . .      Spirit   .   b - +0 animal skin
rPois   .          Reflect  .   (no helmet)
rElec   .          Harm     .   (no cloak)
rCorr   .          Rampage  .   (no gloves)
Will    .....                   (no boots)
Stlth   +.........              (no amulet)
HPRegen 0.10/turn               (no ring)
MPRegen 0.08/turn               (no ring)

@: lethally poisoned (0 -> -3)
A: powered by pain 1, condensation shield
a: Renounce Religion, Berserk, Trog's Hand


You were on level 2 of the Dungeon.
You worshipped Trog.
Trog was pleased with you.
You visited 1 branch of the dungeon, and saw 2 of its levels.

You collected 32 gold pieces.

Inventory:

Hand Weapons
 a - a +0 mace (weapon)
Armour
 b - a +0 animal skin (worn)
Scrolls
 d - a scroll of vulnerability {unknown}
 e - a scroll of identify {unknown}
Potions
 c - 2 potions of heal wounds {unknown}
 f - a potion of curing {unknown}
 g - a potion of flight {unknown}


   Skills:
 + Level 3.7 Fighting
 * Level 0.2(2.0) Axes
 - Level 3.3 Maces & Flails
 + Level 2.0 Armour
 + Level 2.2 Dodging


You had 2 spell levels left.
You didn't know any spells.
Your spell library was empty.

Dungeon Overview and Level Annotations

Branches:
Dungeon (2/15)

Altars:
Nemelex Xobeh

Shops:
D:2 *


Innate Abilities, Weirdness & Mutations

You sometimes gain a little power by taking damage.
A meltable shield of frost defends you. (SH +4)


Message History

The frilled lizard bites you but does no damage.
You block the goblin's attack.
You closely miss the frilled lizard. You block the frilled lizard's attack.
The goblin closely misses you. The goblin hits you with a +0 dagger.
The frilled lizard bites you.
You hit the frilled lizard.
You kill the frilled lizard!
Trog accepts your kill. The goblin barely misses you.
You miss the goblin. The goblin hits you with a +0 dagger.
You closely miss the adder. The adder bites you but does no damage.
You block the goblin's attack. The adder bites you.
You closely miss the adder. The goblin hits you with a +0 dagger.
The adder barely misses you. The goblin hits you but does no damage.
You miss the adder. The adder barely misses you. x2
The goblin hits you but does no damage.
You closely miss the adder. The adder bites you.
You are poisoned.
The adder poisons you! You block the goblin's attack.
You miss the adder.
You feel sick. The adder bites you.
You are more poisoned.
The adder poisons you! You block the goblin's attack.
The adder closely misses you.
You are too injured to fight recklessly!
You are too injured to fight recklessly!
You are too injured to fight recklessly!
You are too injured to fight recklessly!
You are too injured to fight recklessly!
You are too injured to fight recklessly!
You are too injured to fight recklessly!
You feel very sick.
You feel sick. The adder bites you.
* * * LOW HITPOINT WARNING * * *
* * * LOW HITPOINT WARNING * * *
You feel sick.
* * * LOW HITPOINT WARNING * * *
You feel sick.
* * * LOW HITPOINT WARNING * * *
You feel sick. The adder bites you.
You die...

#....##.# #.#
#....##.#######.#
###..............
#####.#######.#
#.# #.#
#########.#
#.....†...#
#.#######@# #
#S####.#
######g.....#
#........##$#
##........+
..........#
##.....†..#
#........#
#........#


You could see an adder and a goblin.

Vanquished Creatures
  An adder (D:2)
  A worm (D:2)
  A dart slug (D:2)
  6 ball pythons
  4 bats
  4 endoplasms
  2 giant cockroaches
  2 goblins (D:1)
  3 hobgoblins (D:1)
  3 jackals (D:1)
  3 quokkas
  6 frilled lizards
  A kobold (D:1)
  A rat (D:1)
38 creatures vanquished.

Vanquished Creatures (others)
  5 plants (D:1)
5 creatures vanquished.

Grand Total: 43 creatures vanquished

Notes
Turn   | Place    | Note
-------+----------+-------------------------------------------
     0 | D:1      | Sharkman1231 the Demonspawn Berserker began the quest for
                  | the Orb.
     0 | D:1      | Reached XP level 1. HP: 18/18 MP: 1/1
   378 | D:1      | Gained mutation: You sometimes gain a little power by
                  | taking damage. [demonic ancestry]
   378 | D:1      | Reached XP level 2. HP: 24/24 MP: 2/2
   463 | D:1      | Found a faded altar of an unknown god.
  1042 | D:1      | Reached ** piety under Trog
  1167 | D:1      | Gained mutation: A meltable shield of frost defends you.
                  | (SH +4) [demonic ancestry]
  1167 | D:1      | Reached XP level 3. HP: 14/29 MP: 3/3
  1613 | D:2      | Found Duink's General Store.
  1881 | D:2      | Found a sparkling altar of Nemelex Xobeh.
  1972 | D:2      | Slain by an adder

Illustrated notes

Levels and vault maps discovered:
D:1:      amcnicky_arrival_single_pillar, layout_rooms,
          hellmonk_ecumenical_altar_run_dry, serial_bayou, serial_bayou_pond_b,
          serial_bayou_pond_e, serial_bayou_shore_a, serial_bayou_pond_e,
          serial_bayou_pond_c, serial_bayou_pond_c, st_stairs_10
D:2:      layout_basic, serial_shops, shop, basic_altar, minmay_heptomino_o4

Skill      XL: |  1  2 |
---------------+-------+-----
Armour         | 2 |  2.0
Dodging        | 2 |  2.2
Maces & Flails | 3 |  3.3
Fighting       | |  3.7
Axes           | |  0.2

Action                   || total
-------------------------++-------
Melee: Mace              ||   106
       Punch             ||     1
Invok: Berserk           ||     1
Armor: Animal skin       ||    23
Dodge: Dodged            ||    86
Block: Other             ||    11
